 Dungeon Crawl Stone Soup version 0.23.2-40-g277498a001 (webtiles) character file.

Game seed: 4350197607230068809

126 Martska the Skirmisher (level 5, -2/47 HPs)
             Began as a Hill Orc Fighter on Oct 9, 2019.
             Killed from afar by Ijyb (9 damage)
             ... with a wand of flame (10)
             ... on level 3 of the Dungeon.
             The game lasted 00:07:54 (2741 turns).

Martska the Skirmisher (Hill Orc Fighter)           Turns: 2741, Time: 00:07:55

Health: -2/47      AC: 11    Str: 20    XL:     5   Next: 10%
Magic:  5/5        EV:  8    Int:  8    God:
Gold:   86         SH: 10    Dex: 15    Spells: 4/4 levels left

rFire    . . .     SeeInvis .   a - +0 war axe
rCold    . . .     Gourm    .   c - +0 shield
rNeg     . . .     Faith    .   h - +0 plate armour
rPois    .         Spirit   .   (no helmet)
rElec    .         Reflect  .   (no cloak)
rCorr    +         Harm     .   (no gloves)
MR       .....                  (no boots)
Stlth    ..........             (no amulet)
HPRegen  0.15/turn              o - ring of resist corrosion
MPRegen  0.09/turn              (no ring)

@: agile, about to teleport
A: no striking features
a: no special abilities


You were on level 3 of the Dungeon.
You were not hungry.

You visited 1 branch of the dungeon, and saw 3 of its levels.

You collected 86 gold pieces.

Inventory:

Hand Weapons
 a - a +0 war axe (weapon)
 t - a +0 war axe
Missiles
 q - 7 poisoned needles
Armour
 b - a +0 scale mail
 c - a +0 shield (worn)
 h - a +0 plate armour (worn)
Jewellery
 o - a ring of resist corrosion (left hand)
 s - an uncursed amulet of harm {unknown}
Scrolls
 e - 2 scrolls of identify {unknown}
 g - 2 scrolls of remove curse {unknown}
 l - a scroll of amnesia {unknown}
 m - a scroll of teleportation
 n - a scroll of enchant armour {unknown}
Potions
 d - 2 potions of might
 i - a potion of mutation {unknown}
 j - a potion of degeneration {unknown}
 p - a potion of curing {unknown}
 r - a potion of flight {unknown}
Comestibles
 f - 4 rations


   Skills:
 * Level 4.9 Fighting
 * Level 4.4 Axes
 + Level 3.9 Armour
 + Level 3.9 Shields


You had 4 spell levels left.
You didn't know any spells.
Your spell library was empty.

Dungeon Overview and Level Annotations

Branches:
Dungeon (3/15)

Altars:
Gozag

Annotations:
D:3 Ijyb


Message History

You hit Ijyb but do no damage.
Ijyb is lightly wounded.
Ijyb zaps a wand.
The puff of flame hits you!
* * * LOW HITPOINT WARNING * * *
You slash Ijyb!
Ijyb is severely wounded.
Ijyb zaps a wand.
The puff of flame hits you.
* * * LOW HITPOINT WARNING * * *
Ijyb drinks a potion.
Ijyb is healed!
You closely miss Ijyb.
Ijyb zaps a wand.
The puff of flame hits you but does no damage.
You hit Ijyb but do no damage. Ijyb hits you with a +0 club.
* * * LOW HITPOINT WARNING * * *
As you read the scroll labeled WOFORI USCHEA, it crumbles to dust.
You feel strangely unstable.
It was a scroll of teleportation.
You block Ijyb's attack.
It was a potion of agility.
You feel agile all of a sudden.
Ijyb zaps a wand.
The puff of flame hits you!
You die...

#.# #.# #.# #.#
#.# #.# #.# #.#
#.# #.# #.#
#.########.##
#...........####..
###.......@g......
#.#####.........
#.# #......... #.#
#########. #.# #.#
#.# #(# #.#


You could see Ijyb.

Vanquished Creatures
  An orc priest (D:3)
  2 adders
  A worm (D:3)
  A dart slug (D:2)
  A leopard gecko (D:1)
  4 orcs (D:3)
  10 bats
  5 giant cockroaches
  4 goblins
  7 hobgoblins
  3 jackals (D:1)
  2 quokkas (D:2)
  A ball python (D:2)
  8 frilled lizards
  10 kobolds
  7 rats
67 creatures vanquished.

Notes
Turn   | Place    | Note
-------+----------+-------------------------------------------
     0 | D:1      | Martska the Hill Orc Fighter began the quest for the Orb.
     0 | D:1      | Reached XP level 1. HP: 19/19 MP: 1/1
    94 | D:1      | Reached XP level 2. HP: 17/27 MP: 2/2
   711 | D:1      | Reached XP level 3. HP: 27/33 MP: 3/3
  1359 | D:2      | Found an opulent altar of Gozag.
  1790 | D:2      | Reached XP level 4. HP: 37/41 MP: 4/4
  2300 | D:3      | Reached XP level 5. HP: 19/47 MP: 5/5
  2721 | D:3      | Noticed Ijyb
  2741 | D:3      | Killed from afar by Ijyb

Skill      XL: |  1  2  3  4 |
---------------+-------------+-----
Axes           | 3 4 |  4.4
Fighting       | 4 |  4.9
Armour         | |  3.9
Shields        | |  3.9

Action                   |  1- 3 |  4- 6 || total
-------------------------+-------+-------++-------
Melee: War axe           |   158 |    93 ||   251
  Use: Scroll            |       |     1 ||     1
       Potion            |       |     1 ||     1
  Eat: Chunk             |     2 |     4 ||     6
Armor: Scale mail        |    32 |       ||    32
       Plate armour      |    82 |    59 ||   141
Dodge: Dodged            |    45 |    14 ||    59
Block: Shield            |   123 |    42 ||   165
